 Dungeon Crawl Stone Soup: Circus Animals version 1.7-37-g2c94cca (webtiles) character file.

1235 Ihatecarrots00 the Skirmisher (level 11, 160/160 HPs) *EASY*
             Began as a Lava Orc Berserker on Oct 19, 2016.
             Was the Champion of Trog.
             Quit the game on level 4 of the Lair of Beasts.
             The game lasted 00:32:54 (14014 turns).

Ihatecarrots00 the Skirmisher (Lava Orc Berserker) Turns: 14014, Time: 00:32:55

Health: 160/160    AC: 31    Str: 23    XL:     11   Next: 59%
Magic:  100/100    EV:  3    Int:  8    God:    Trog [******]
Gold:   1082       SH: 10    Dex: 10    Spells: 0 memorised, 10 levels left

rFire  + . .     rPois    .     j - +5 long sword (protect)
rCold  . . .     rElec    .     o - +2 plate armour
rNeg   . . .     rCorr    .     c - +2 shield {AC+3} MagicSh . . . SeeInvis .
                                h - +0 helmet StaminaSh . . . Faith .
                                (no cloak) RegenHP ++++......
SustAt .                        (no gloves) RegenSP +++....... Dismiss .
                                (no boots) RegenMP +++....... Reflect .
                                (no amulet)
MR     .....     Harm     .     (no ring)
Stlth  ..........               (no ring)

@: quick, quick, not resistant to hostile enchantments, extremely unstealthy
A: AC +4
a: Berserk, Trog's Hand, Brothers in Arms, Burn Spellbooks, Renounce Religion


You were on level 4 of the Lair of Beasts.
You worshipped Trog.
Trog was exalted by your worship.
You were not hungry.

You visited 2 branches of the dungeon, and saw 11 of its levels.

You collected 1082 gold pieces.

Inventory:

Hand Weapons
 a - a +0 hand axe
 j - a +5 long sword of protection (weapon)
Armour
 b - a +0 animal skin
 c - a +2 shield of protection (worn)
 f - a cursed +0 large shield
 g - a +2 ring mail of cold resistance
 h - a +0 helmet (worn)
 k - the +1 robe of Shadows and Fog {MR+ rCorr Str-3 Int+5}
   (You found it on level 4 of the Dungeon)

   It affects your strength (-3).
   It affects your intelligence (+5).
   It affects your resistance to hostile enchantments.
   It protects you from acid and corrosion.
 o - a +2 plate armour (worn)
Jewellery
 d - an uncursed ring of positive energy
 e - an uncursed ring of resist corrosion {unknown}
 m - an uncursed ring of sustain attributes {unknown}
 p - an uncursed ring of stealth {unknown}
 q - an uncursed ring of protection from cold {unknown}
 r - an uncursed ring of positive energy
 t - an uncursed ring of positive energy
 u - an uncursed ring of see invisible {unknown}
 w - an uncursed ring of wizardry {unknown}
 x - an uncursed ring of positive energy
 A - an uncursed ring of sustain attributes {unknown}
Wands
 i - a wand of paralysis (16/24)
 l - a wand of hasting (4/9)
 n - a wand of lightning (6/15)
 s - a wand of flame (15/48)
 v - a wand of heal wounds (4/9)
 y - a wand of random effects (18/48)
 z - a wand of slowing (37/96)
 B - a wand of iceblast (8/15)
Scrolls
 h - a scroll of enchant armour
 i - 9 scrolls of teleportation
 k - 2 scrolls of remove curse
 l - 5 scrolls of magic mapping
 n - 2 scrolls of immolation
 o - 4 scrolls of fog
 q - 3 scrolls of amnesia
 y - 2 scrolls of recharging
 D - 2 scrolls of blinking
 E - a scroll of noise
 F - 5 scrolls of identify
 G - a scroll of vulnerability {unknown}
 H - 2 scrolls of enchant weapon
Potions
 a - 10 potions of heal wounds
 b - 14 potions of stamina
 c - 6 potions of magic
 e - 7 potions of mutation
 f - 4 potions of haste
 j - 4 potions of berserk rage
 m - 6 potions of degeneration {unknown}
 p - 9 potions of curing
 r - 3 potions of agility {unknown}
 s - a potion of cure mutation {unknown}
 t - 3 potions of lignification {unknown}
 u - 5 potions of ambrosia {unknown}
 v - 2 potions of cancellation {unknown}
 w - 2 potions of might {unknown}
 x - 4 potions of weak mutation
 z - a potion of brilliance {unknown}
 A - 2 potions of flight {unknown}
 B - a potion of beneficial mutation {unknown}
 C - 3 potions of invisibility {unknown}
Books
 d - a book of Cantrips

   Spells                             Type                      Level
   a - Confusing Touch                Darkness                     1
   b - Animate Skeleton               Necromancy                   1
   c - Summon Small Mammal            Summoning                    1
   d - Apportation                    Translocation                1
   Trog disapproves of the use of such an item.
 g - a book of Fire

   Spells                             Type                      Level
   a - Ignite Poison                  Fire/Transmutation/Poison    3
   b - Fireball                       Conjuration/Fire/Light       5
   c - Bolt of Fire                   Conjuration/Fire             6
   d - Delayed Fireball               Conjuration/Fire/Time        7
   e - Ring of Flames                 Charms/Fire                  7
   Trog disapproves of the use of such an item.


   Skills:
 + Level 7.9 Fighting
 + Level 5.4 Long Blades
 - Level 5.2 Axes
 + Level 6.2 Armour
 + Level 4.7 Dodging


You had 10 spell levels left.
You didn't know any spells.

Dungeon Overview and Level Annotations

Branches:
Dungeon (7/7)                Lair (4/7) D:7           Snake (0/4) Lair:2
 Shoals: Lair:2-6     Swamp: Lair:2-6

Altars:
Ashenzari
Dithmenos
Gozag
Nemelex Xobeh
Pakellas
Qazlal
Trog
Beogh

Shops:
D:5 !   D:6 :


Message History

You see here a basilisk corpse.
Adjust (i)tems, (c)onsumables, (s)pells, or (a)bilities?
Huh?
New annotation for Lair:4 (include '!' for warning):
Okay, then.
New annotation for Lair:4 (include '!' for warning):
Okay, then.
Unknown command.
New annotation for Lair:4 (include '!' for warning):
Okay, then.
Unknown command.
Okay, then.
Unknown command.
Unknown command.
Are you sure you want to abandon this character and quit the game? (Confirm with "yes".)
Okay, then.
Are you sure you want to abandon this character and quit the game? (Confirm with "yes".)
Okay, then.
Unknown command.
Are you sure you want to abandon this character and quit the game? (Confirm with "yes".)

,,,* **,.........†...#.........
,,,** *#..............#.P......
*,,,* #............#..........
***** #.............#.........
*#...........##..#......#
*********.........##.....P......#
,,**,**,,.........#..##.........#
,,,,*,*,,..........######......##
*,*,,,,,*#......@P## ##.......
****,,***.........P# #....P#..
*,,* *.........## ##.......
**,,***........## ##...###
*,,,,**.......#.* ####..#
**,,,,*#......,#* #P.#
*,,,**.......** #...
*,,,**#......,* ###.
*,,,**,,,,,,*,* ##.


There were no monsters in sight!

Vanquished Creatures
  4 death yaks (Lair:4)
  A spriggan (Lair:4)
  A torpor snail (Lair:4)
  A black mamba (Lair:2)
  9 spiny frogs
  2 komodo dragons
  A polar bear (Lair:4)
  6 blink frogs
  28 yaks
  2 hippogriffs
  2 basilisks
  2 phantoms
  5 nagas (Lair:2)
  3 water moccasins
  Eustachio (D:6)
  Grum (Lair:3)
  An ice beast (D:5)
  A necrophage (D:7)
  3 sky beasts
  3 ogres
  9 crocodiles
  4 porcupines
  A wasp (Lair:4)
  5 centaurs
  8 wolves
  9 giant frogs
  A water moccasin skeleton (D:6)
  A scorpion (D:5)
  2 centaur zombies
  Terence (D:3)
  3 centaur skeletons (D:5)
  A giant frog skeleton (D:4)
  A giant frog zombie (D:6)
  An electric eel (Lair:4)
  2 dart slugs
  8 hounds
  A howler monkey (D:6)
  A jelly (D:6)
  An orc priest (D:3)
  5 orc wizards
  Crazy Yiuf (D:7)
  7 giant geckos
  8 iguanas
  20 orcs
  14 sheep
  2 worker ants
  8 adders
  6 crimson imps
  7 giant cockroaches
  10 gnolls
  19 goblins
  18 hobgoblins
  22 jackals
  4 quokkas
  20 river rats
  An adder skeleton (D:7)
  An adder zombie (D:5)
  3 ball pythons
  9 bats
  2 giant gecko skeletons
  A giant gecko zombie (D:7)
  13 giant newts
  A howler monkey zombie (D:5)
  9 kobolds
  3 oozes
  13 rats
  3 worms
  A bush (Lair:4)
  A fungus (Lair:4)
369 creatures vanquished.

Vanquished Creatures (others)
  A manticore (D:4)
  A blink frog (Lair:4)
  A plant (D:7)
3 creatures vanquished.

Grand Total: 372 creatures vanquished

Notes
Turn   | Place    | Note
-------+----------+-------------------------------------------
     0 | D:1      | Ihatecarrots00 the Lava Orc Berserker began the quest for the Orb.
     0 | D:1      | Reached XP level 1. HP: 39/39 MP: 100/100
   262 | D:1      | Reached XP level 2. HP: 51/51 MP: 100/100
   416 | D:1      | Reached XP level 3. HP: 63/63 MP: 100/100
   446 | D:1      | Reached ** piety under Trog
  1429 | D:2      | Reached XP level 4. HP: 76/76 MP: 100/100
  1530 | D:2      | Reached *** piety under Trog
  1634 | D:2      | Found an opulent altar of Gozag.
  1684 | D:2      | Found a shadowy altar of Dithmenos.
  2194 | D:2      | Reached **** piety under Trog
  2828 | D:3      | Found a shattered altar of Ashenzari.
  3020 | D:3      | Noticed Terence
  3041 | D:3      | Killed Terence
  3041 | D:3      | Reached XP level 5. HP: 82/88 MP: 100/100
  3320 | D:3      | Found a roughly hewn altar of Beogh.
  3463 | D:4      | Reached skill level 5 in Fighting
  3463 | D:4      | Reached skill level 5 in Axes
  3465 | D:4      | Reached XP level 6. HP: 100/100 MP: 100/100
  3676 | D:4      | Reached ***** piety under Trog
  3914 | D:4      | Got a brightly glowing robe
  3947 | D:4      | Found an oddly glowing altar of Pakellas.
  3948 | D:4      | Noticed a manticore
  3956 | D:4      | Killed a manticore
  4131 | D:5      | Entered Level 5 of the Dungeon
  4286 | D:5      | Found Fyiv's Distillery.
  5201 | D:5      | Identified the +1 robe of Shadows and Fog {MR+ rCorr Str-3 Int+5} (You found it on level 4 of the Dungeon)
  5214 | D:5      | Found a stormy altar of Qazlal.
  5425 | D:5      | Received a gift from Trog
  5696 | D:5      | Reached XP level 7. HP: 104/104 MP: 100/100
  5988 | D:6      | Noticed Eustachio
  5996 | D:6      | Reached skill level 1 in Long Blades
  6002 | D:6      | Killed Eustachio
  6232 | D:6      | Found Uxkiog's Book Shoppe.
  6484 | D:7      | Entered Level 7 of the Dungeon
  6892 | D:7      | Found a runed door.
  7195 | D:7      | Found a sparkling altar of Nemelex Xobeh.
  7375 | D:7      | Found a staircase to the Lair.
  7499 | D:7      | Reached XP level 8. HP: 108/114 MP: 100/100
  7509 | D:7      | Reached skill level 6 in Fighting
  8178 | D:7      | Noticed Crazy Yiuf
  8186 | D:7      | Killed Crazy Yiuf
  8186 | D:7      | Received a gift from Trog
  8283 | Lair:1   | Entered Level 1 of the Lair of Beasts
  8609 | Lair:1   | Found a bloodstained altar of Trog.
  8763 | Lair:1   | Reached ****** piety under Trog
  8938 | Lair:1   | Found a shattered altar of Ashenzari.
  9123 | Lair:1   | Received a gift from Trog
  9930 | Lair:2   | Reached XP level 9. HP: 126/126 MP: 100/100
 10704 | Lair:2   | Found a staircase to the Snake Pit.
 10713 | Lair:2   | Reached skill level 5 in Armour
 11572 | Lair:3   | Noticed Grum
 11590 | Lair:3   | Killed Grum
 11674 | Lair:3   | Reached XP level 10. HP: 119/138 MP: 100/100
 13627 | Lair:4   | Reached skill level 7 in Fighting
 13639 | Lair:4   | Noticed a death yak
 13640 | Lair:4   | Noticed a death yak
 13641 | Lair:4   | Noticed a death yak
 13641 | Lair:4   | Noticed a death yak
 13655 | Lair:4   | Killed a death yak
 13664 | Lair:4   | Killed a death yak
 13670 | Lair:4   | Killed a death yak
 13674 | Lair:4   | Killed a death yak
 13674 | Lair:4   | Reached XP level 11. HP: 150/150 MP: 100/100
 13704 | Lair:4   | Received a gift from Trog
 13765 | Lair:4   | Reached skill level 5 in Long Blades
 14014 | Lair:4   | Quit the game

Skill      XL: |  1  2  3  4  5  6  7  8  9 10 11 |
---------------+----------------------------------+-----
Dodging        | 2 3 4 |  4.7
Fighting       | 5 6 7 |  7.9
Axes           | 5 |  5.2
Armour         | 3 4 5 6 |  6.2
Long Blades    | 2 3 4 5 |  5.4

Action                   |  1- 3 |  4- 6 |  7- 9 | 10-12 || total
-------------------------+-------+-------+-------+-------++-------
Melee: Hand axe          |   120 |   282 |       |       ||   402
       Long sword        |       |   427 |   880 |   311 ||  1618
Invok: Berserk           |       |     1 |     2 |     3 ||     6
       Burn Spellbooks   |       |       |       |     1 ||     1
  Use: Scroll            |       |    12 |     7 |     1 ||    20
       Potion            |       |       |       |     1 ||     1
 Stab: Sleeping          |       |     1 |       |       ||     1
Armor: Animal skin       |    20 |    17 |       |       ||    37
       Ring mail         |       |   254 |       |       ||   254
       Plate armour      |       |    20 |   448 |   203 ||   671
Dodge: Dodged            |    67 |   287 |   268 |   113 ||   735
Block: Shield            |     7 |   250 |   364 |   192 ||   813
